 Dungeon Crawl Stone Soup version 0.17-a0-737-gf0a300a (webtiles) character file.

106689 hulla the Earth Mage (level 15, -2/94 HPs)
             Began as a Deep Elf Earth Elementalist on Apr 27, 2015.
             Was a High Priest of Vehumet.
             Hit by a tomahawk thrown by a merfolk (9 damage)
             ... on level 3 of the Shoals on Apr 28, 2015.
             The game lasted 10:02:57 (50895 turns).

hulla the Earth Mage (Deep Elf Earth Elementalist) Turns: 50895, Time: 10:02:57

Health: -2/94      AC: 11    Str:  7    XL:     15   Next: 98%
Magic:  24/34      EV: 14    Int: 24    God:    Vehumet [*****.]
Gold:   2728       SH:  5    Dex: 13    Spells: 9 memorised, 6 levels left

rFire  + + .     SeeInvis .     a - 326 stones
rCold  . . .     Clarity  .     G - +2 robe "Qoir Xytt" {rPois rF++ Regen+ Str-5}
rNeg   . . .     SustAb   .     T - +0 buckler
rPois  +         Gourm    +     F - +1 hat
rElec  .         Spirit   .     K - +3 cloak of Rood {+Blink}
rCorr  .         Warding  .     U - +0 pair of gloves
rMut   .         Stasis   .     e - +0 pair of boots
MR     ++...                    Y - amulet of the gourmand
Stlth  +++.......               v - ring of protection from magic
                                m - +4 ring of strength

@: very slightly contaminated, hasted, invisible, very quick, very resistant to
hostile enchantments, fairly stealthy
A: clumsy 1, slow healing 1
a: Renounce Religion, Evoke Blink


You were on level 3 of the Shoals.
You worshipped Vehumet.
Vehumet was extremely pleased with you.
You were very full.

You visited 5 branches of the dungeon, and saw 27 of its levels.
You also visited: Ossuary.

You collected 3028 gold pieces.
You spent 300 gold pieces at shops.

Inventory:

Hand weapons
 C - a +3 dagger of venom
 S - a +2 dagger of protection
Missiles
 a - 326 stones (in hand)
Armour
 e - a +0 pair of boots (worn)
 t - the +0 pair of gloves of Folebrol {rElec rCorr MP+9 Int-5}
   (You found it on level 6 of the Lair of Beasts)

   It affects your intelligence (-5).
   It insulates you from electricity.
   It affects your magic capacity (+9).
   It protects you from acid and corrosion.
 F - a +1 hat (worn)
 G - the +2 robe "Qoir Xytt" (worn) {rPois rF++ Regen+ Str-5}
   (You found it on level 6 of the Dungeon)

   It affects your strength (-5).
   It greatly protects you from fire.
   It protects you from poison.
   It increases your rate of regeneration.
 K - the +3 cloak of Rood (worn) {+Blink}
   (You acquired it on level 8 of the Dungeon)

   It lets you blink.
 T - a +0 buckler (worn)
 U - a +0 pair of gloves (worn)
Jewellery
 m - a +4 ring of strength (left hand)
 v - a ring of protection from magic (right hand)
 I - an uncursed ring of ice
 J - an uncursed amulet of stasis
 L - an uncursed amulet of regeneration
 O - an uncursed ring of wizardry {unknown}
 V - an uncursed amulet of clarity
 Y - an amulet of the gourmand (around neck)
Magical devices
 A - a wand of slowing (26)
 Q - a wand of disintegration (8)
 Z - a wand of digging (7)
Scrolls
 b - a scroll of fear
 c - a scroll of enchant armour
 h - a scroll of magic mapping
 i - a scroll of remove curse
 n - 5 scrolls of identify
 q - 6 scrolls of teleportation
 u - 4 scrolls of fog
 x - a scroll of blinking
 X - a scroll of amnesia
Potions
 f - 6 potions of brilliance
 l - 11 potions of curing
 o - 2 potions of magic
 r - 3 potions of haste
 s - 3 potions of resistance
 E - 2 potions of invisibility
 H - a potion of cancellation
 M - a potion of flight
Books
 j - a book of Power

   Spells                             Type                      Level
   a - Fulminant Prism                Conjuration/Hexes            4
   b - Iskenderun's Mystic Blast      Conjuration                  4
   c - Venom Bolt                     Conjuration/Poison           5
   d - Bolt of Magma                  Conjuration/Fire/Earth       5
   e - Iron Shot                      Conjuration/Earth            6
   f - Orb of Destruction             Conjuration                  7
   g - Spellforged Servitor           Conjuration/Summoning        7
 w - a book of Control

   Spells                             Type                      Level
   a - Control Teleport               Charms/Translocation         4
   b - Control Undead                 Necromancy                   4
   c - Metabolic Englaciation         Hexes/Ice                    5
   d - Mass Confusion                 Hexes                        6
 P - a book of Debilitation

   Spells                             Type                      Level
   a - Corona                         Hexes                        1
   b - Slow                           Hexes                        2
   c - Gell's Gravitas                Hexes/Translocation          3
   d - Inner Flame                    Hexes/Fire                   3
   e - Cause Fear                     Hexes                        4
   f - Leda's Liquefaction            Hexes/Earth                  4
Comestibles
 d - 16 bread rations
 g - a chunk of flesh
 p - 8 meat rations
 z - 2 beef jerkies
 B - 34 fruits
 D - 2 royal jellies
 W - 3 slices of pizza


   Skills:
 - Level 11.0 Fighting
 - Level 4.1 Dodging
 - Level 4.0 Stealth
 - Level 5.0 Shields
 - Level 13.1 Spellcasting
 - Level 15.0 Conjurations
 - Level 6.0 Charms
 - Level 1.1 Transmutations
 + Level 12.2 Fire Magic
 - Level 15.0 Earth Magic


You had 6 spell levels left.
You knew the following spells:

 Your Spells              Type           Power        Failure   Level  Hunger
a - Sandblast             Erth           ######       0%          1    None
b - Stone Arrow           Conj/Erth      ######       1%          3    None
c - Petrify               Trmt/Erth      ######..     1%          4    None
d - Lee's Rapid Deconstr  Erth           ######....   1%          5    ###....
e - Iskenderun's Battles  Conj/Chrm      ######..     1%          5    ###....
f - Fireball              Conj/Fire      ######....   1%          5    ###....
g - Delayed Fireball      Conj/Fire      N/A          4%          7    ######.
q - Mephitic Cloud        Conj/Pois/Air  #####...     1%          3    None
w - Iron Shot             Conj/Erth      ######....   1%          6    #####..


Dungeon Overview and Level Annotations

Branches:
Dungeon (11/15)            Temple (1/1) D:6            Lair (8/8) D:10
 Shoals (3/5) Lair:5       Spider (0/5) Lair:3        Slime (0/6) Lair:8
    Orc (4/4) D:10            Elf (0/3) Orc:3

Altars:
Ashenzari
Cheibriados
Dithmenos
Elyvilon
Fedhas
Gozag
Makhleb
Nemelex Xobeh
Okawaru
Qazlal
Sif Muna
Trog
Vehumet
Xom
Yredelemnul
Zin
The Shining One
Beogh

Shops:
D:4 }   Orc:1 !   Orc:4 ([   Shoals:1 [

Portals:
Trove: D:10 (give +2 gold dragon armour)

Annotations:
D:10 Kisielow's ghost, experienced MiFi


Innate Abilities, Weirdness & Mutations

You are clumsy. (Dex -2)
You heal slowly when monsters are visible.


Message History

* * * LOW HITPOINT WARNING * * *
The merfolk javelineer throws a javelin of returning.
The javelin of returning misses you.
The weapon returns to the merfolk javelineer!
You are very lightly contaminated with residual magic.
Drink which item? (? for menu, Esc to quit)
You feel yourself speed up.
The merfolk throws a tomahawk.
The merfolk is engulfed in a cloud of scalding steam.
The merfolk throws a tomahawk.
The tomahawk hits you but does no damage.
The merfolk javelineer throws a javelin of returning.
The javelin of returning hits you!
* * * LOW HITPOINT WARNING * * *
The weapon returns to the merfolk javelineer!
The merfolk throws a tomahawk.
The tomahawk hits your battlesphere!
Unknown command.
The merfolk javelineer throws a javelin of returning.
The weapon returns to the merfolk javelineer!
The merfolk throws a tomahawk.
The tomahawk hits you!
You die...

≈≈≈≈≈≈≈≈m≈≈≈≈≈≈≈....,,,m≈≈≈≈≈≈≈≈≈
≈≈≈≈≈≈≈≈≈≈§≈≈≈≈....!.,,.≈≈..≈≈≈≈≈
≈≈≈≈≈≈≈≈≈≈≈m≈≈≈.....#**......≈≈≈≈
≈≈≈≈≈≈≈≈≈≈mm§≈......##*....).≈≈≈≈
≈≈≈≈≈≈≈≈≈≈≈≈≈≈≈..≈...##......≈≈≈≈
≈≈≈≈≈≈≈≈≈≈≈≈≈≈...≈≈..#<.)..≈.≈≈≈≈
≈≈≈≈≈≈≈≈≈≈≈≈≈((...≈≈PP.P.≈≈≈≈≈≈≈≈
≈≈≈≈≈≈≈≈≈≈≈≈..(...≈≈PPPP..≈≈≈≈≈≈≈
≈≈≈≈≈≈≈≈≈≈≈....*@.≈≈≈≈P..≈≈≈≈≈≈≈,
≈≈≈≈≈≈≈≈≈≈...###..≈≈PP≈≈≈≈≈≈≈.≈,,
≈≈≈≈≈≈≈≈PP..## #..≈≈≈.≈≈≈≈≈≈≈≈,,,
≈≈≈≈≈≈≈PP..## #.......≈≈≈≈..≈,,,
≈≈≈≈≈≈≈PP).# ##....≈..≈≈≈≈...,,,
≈≈≈≈≈≈P≈≈..####....≈≈..≈≈≈....,,,
≈≈≈≈PP≈≈.......≈≈.......≈≈.≈..≈,,
≈≈≈≈P≈≈≈......≈≈≈...#...≈≈≈..,,,,
≈≈≈≈≈≈≈P.....≈≈≈≈..≈..≈≈≈....,,,,


You could see a merfolk javelineer and 2 merfolk.

Vanquished Creatures
  Kirke (Shoals:2)
  2 merfolk impalers (Shoals:2)
  5 hydras
  Erica (D:9)
  4 catoblepae (Lair:8)
  The ghost of Ngotmuk the Protected, an experienced DDFi of Ru (D:9)
  27 death yaks
  Sonja (Lair:3)
  5 sea snakes
  3 hill giants
  5 harpies
  A manticore (Shoals:1)
  2 orc sorcerers
  A wolf spider (Lair:3)
  2 oklob plants
  5 orc knights
  3 water nymphs
  8 griffons
  A cyclops (Shoals:1)
  6 sirens
  5 black mambas
  Joseph (D:9)
  20 elephants
  A gargoyle (D:10)
  20 spiny frogs
  19 komodo dragons
  A fire drake (Lair:5)
  A yaktaur (Shoals:2)
  16 merfolk
  7 trolls
  A wind drake (Shoals:1)
  A polar bear (Lair:7)
  A two-headed ogre (Orc:4)
  Prince Ribbit (D:9)
  31 blink frogs
  5 snapping turtles
  2 spriggans
  A trapdoor spider (D:10)
  20 yaks
  A water elemental (Shoals:1)
  A steam dragon (Lair:6)
  3 basilisks
  2 hungry ghosts
  11 wolves
  9 hippogriffs
  20 water moccasins
  5 wargs
  4 hogs (Shoals:2)
  17 porcupines
  6 sky beasts
  2 black bears
  3 ice beasts
  A necrophage (D:7)
  6 centaurs
  2 phantoms (D:10)
  43 orc warriors
  23 ogres
  2 boring beetles
  2 big kobolds (D:7)
  20 crocodiles
  24 giant frogs
  2 elf zombies (Ossuary)
  A wyvern skeleton (D:10)
  3 scorpions
  6 killer bees (D:10)
  4 electric eels (D:10)
  5 crimson imps
  A quasit (D:7)
  2 giant frog skeletons
  3 centaur zombies
  2 jellies
  5 centaur skeletons
  A gnoll shaman (D:9)
  8 hounds
  35 orc priests
  Terence (D:2)
  Natasha (thrice) (D:4)
  13 iguanas
  10 worker ants
  31 orc wizards
  7 sheep
  A centaur simulacrum (D:10)
  2 hound zombies (D:10)
  2 mummies (Ossuary)
  91 river rats
  10 adders
  4 gnolls (D:9)
  4 shadow imps
  2 oozes
  2 adder skeletons
  5 giant geckos
  307 orcs
  A ball python (D:2)
  23 bats
  2 bat skeletons (D:6)
  6 giant cockroaches
  31 goblins
  27 hobgoblins
  11 jackals
  21 kobolds
  10 quokkas
  2 giant newts
  A goblin zombie (Ossuary)
  9 hobgoblin zombies (Ossuary)
  A jackal skeleton (D:4)
  A jackal zombie (Ossuary)
  11 kobold zombies (Ossuary)
  8 orc zombies (Ossuary)
  A quokka skeleton (D:9)
  16 rats
  2 rat zombies (Ossuary)
  A butterfly (Lair:6)
  2 fungi
  11 plants
1216 creatures vanquished.

Vanquished Creatures (collateral kills)
  A wyvern (D:8)
1 creature vanquished.

Vanquished Creatures (others)
  An orc priest (D:8)
  2 kobolds (D:8)
  38 fungi
  21 plants (Lair:8)
62 creatures vanquished.

Grand Total: 1279 creatures vanquished

Notes
Turn   | Place    | Note
--------------------------------------------------------------
     0 | D:1      | hulla, the Deep Elf Earth Elementalist, began the quest for the Orb.
     0 | D:1      | Reached XP level 1. HP: 10/10 MP: 6/6
   317 | D:1      | Reached XP level 2. HP: 10/15 MP: 2/8
  1122 | D:2      | Reached skill level 4 in Earth Magic
  1122 | D:2      | Reached XP level 3. HP: 19/19 MP: 6/9
  1273 | D:2      | Learned a level 3 spell: Stone Arrow
  1479 | D:2      | Reached XP level 4. HP: 24/24 MP: 7/10
  1875 | D:2      | Noticed Terence
  1891 | D:2      | Killed Terence
  1891 | D:2      | Reached skill level 5 in Earth Magic
  2266 | D:3      | Reached XP level 5. HP: 23/28 MP: 0/11
  2530 | D:3      | Found a blossoming altar of Fedhas.
  2535 | D:3      | Found a glowing golden altar of the Shining One.
  2543 | D:3      | Found a stormy altar of Qazlal.
  2651 | D:3      | Gained mutation: You are clumsy. (Dex -2) [mutagenic glow]
  2708 | D:3      | Gained mutation: You heal slowly when monsters are visible. [mutagenic glow]
  2780 | D:4      | Noticed Natasha
  2788 | D:4      | Killed Natasha
  2788 | D:4      | Reached skill level 6 in Earth Magic
  2876 | D:4      | Noticed Natasha
  2880 | D:4      | Killed Natasha
  2965 | D:4      | Found Jawi's Gadget Boutique.
  3190 | D:4      | Learned a level 4 spell: Petrify
  3487 | D:4      | Noticed an ogre
  3497 | D:4      | Killed an ogre
  3497 | D:4      | Reached skill level 7 in Earth Magic
  3497 | D:4      | Reached XP level 6. HP: 32/32 MP: 0/12
  3603 | D:4      | Noticed Natasha
  3604 | D:4      | Killed Natasha
  3618 | D:4      | Noticed an ogre
  3625 | D:4      | Killed an ogre
  4054 | D:4      | Reached skill level 8 in Earth Magic
  4530 | D:5      | Entered Level 5 of the Dungeon
  4632 | D:5      | Found a sand-covered staircase.
  4635 | Ossuary  | Entered an ossuary
  5284 | Ossuary  | Reached XP level 7. HP: 28/36 MP: 6/14
  5748 | D:5      | Reached skill level 5 in Spellcasting
  6389 | D:5      | Reached skill level 9 in Earth Magic
  6713 | D:6      | Got a twisted robe
  6772 | D:6      | Found an iron altar of Okawaru.
  6789 | D:6      | Found an opulent altar of Gozag.
  6919 | D:6      | Found a staircase to the Ecumenical Temple.
  7048 | D:6      | Reached XP level 8. HP: 21/41 MP: 15/19
  7605 | D:6      | Found a basalt altar of Yredelemnul.
  7727 | D:6      | Identified the +2 robe "Qoir Xytt" {rPois rF++ Regen+ Str-5} (You found it on level 6 of the Dungeon)
  8028 | D:6      | Reached skill level 10 in Earth Magic
  8237 | Temple   | Entered the Ecumenical Temple
  8269 | Temple   | Became a worshipper of Vehumet
  8520 | D:6      | Learned a level 5 spell: Lee's Rapid Deconstruction
  8723 | D:5      | Reached skill level 1 in Conjurations
  9112 | D:7      | Found a white marble altar of Elyvilon.
  9200 | D:7      | Found a shadowy altar of Dithmenos.
  9453 | D:7      | Reached XP level 9. HP: 45/45 MP: 11/24
  9719 | D:7      | Acquired Vehumet's first power
  9719 | D:7      | Offered knowledge of Freeze by Vehumet.
  9742 | D:7      | Reached skill level 5 in Conjurations
 10261 | D:7      | Reached skill level 11 in Earth Magic
 10776 | D:8      | Reached skill level 1 in Shields
 11300 | D:8      | Reached skill level 12 in Earth Magic
 11371 | D:8      | Identified a scroll of acquirement
 11372 | D:8      | Got a dazzling cloak
 11379 | D:8      | Identified the +3 cloak of Rood {+Blink} (You acquired it on level 8 of the Dungeon)
 11430 | D:8      | Offered knowledge of Magic Dart by Vehumet.
 11599 | D:9      | Noticed Erica
 11600 | D:9      | Noticed Prince Ribbit
 11619 | D:9      | Killed Erica
 11619 | D:9      | Reached XP level 10. HP: 43/50 MP: 20/25
 11721 | D:9      | Killed Prince Ribbit
 11872 | D:9      | Noticed Joseph
 11879 | D:9      | Killed Joseph
 12152 | D:7      | Found a burning altar of Makhleb.
 12275 | D:9      | Noticed Ngotmuk's ghost (experienced DDFi)
 12566 | D:10     | Entered Level 10 of the Dungeon
 12908 | D:9      | Got a jewelled plate armour
 13275 | D:10     | Reached skill level 13 in Earth Magic
 13280 | D:10     | Offered knowledge of Throw Flame by Vehumet.
 13293 | D:10     | Noticed an orc knight
 13612 | D:10     | Reached skill level 5 in Shields
 13786 | D:10     | Noticed a hill giant
 13802 | D:10     | Acquired Vehumet's second power
 14485 | D:10     | Noticed a hill giant
 14491 | D:10     | Killed a hill giant
 14491 | D:10     | Reached skill level 14 in Earth Magic
 14664 | D:10     | Reached XP level 11. HP: 54/54 MP: 21/26
 14880 | D:9      | Killed Ngotmuk's ghost
 15028 | D:10     | Offered knowledge of Inner Flame by Vehumet.
 15406 | D:10     | Killed an orc knight
 15406 | D:10     | Reached skill level 15 in Earth Magic
 15473 | D:10     | Learned a level 5 spell: Iskenderun's Battlesphere
 15550 | D:10     | Noticed an orc knight
 15634 | D:10     | Noticed Kisielow's ghost (experienced MiFi)
 15852 | D:10     | Found a roughly hewn altar of Beogh.
 15961 | D:10     | Acquired Vehumet's third power
 16059 | D:10     | Found a portal to a secret trove of treasure.
 16090 | D:10     | Killed an orc knight
 16090 | D:10     | Reached skill level 5 in Charms
 16488 | D:10     | Offered knowledge of Fireball by Vehumet.
 16495 | D:10     | Learned a level 5 spell: Fireball
 16551 | D:10     | Reached skill level 1 in Fire Magic
 16732 | D:10     | Noticed a hill giant
 16955 | D:11     | Got a distressingly furry leather armour
 16970 | D:11     | Noticed a hill giant
 17437 | D:10     | Found a staircase to the Orcish Mines.
 17447 | Orc:1    | Entered Level 1 of the Orcish Mines
 17844 | Orc:1    | Offered knowledge of Lightning Bolt by Vehumet.
 18148 | Orc:1    | Reached skill level 5 in Fire Magic
 18940 | Orc:2    | Noticed an orc warlord
 19393 | Orc:1    | Found Epsu's Distillery.
 19402 | Orc:1    | Bought a potion of heal wounds for 75 gold pieces
 19402 | Orc:1    | Bought a potion of heal wounds for 75 gold pieces
 19574 | Orc:1    | Reached XP level 12. HP: 40/59 MP: 2/27
 20235 | Orc:1    | Offered knowledge of Freezing Cloud by Vehumet.
 20913 | Orc:1    | Reached skill level 1 in Fighting
 21609 | Orc:3    | Found a staircase to the Elven Halls.
 22130 | Orc:2    | Reached skill level 10 in Spellcasting
 22357 | Orc:1    | Bought a potion of haste for 150 gold pieces
 22923 | Orc:4    | Entered Level 4 of the Orcish Mines
 23167 | Orc:3    | Offered knowledge of Orb of Destruction by Vehumet.
 24174 | Orc:4    | Reached skill level 5 in Fighting
 24900 | Orc:4    | Found a roughly hewn altar of Beogh.
 24903 | Orc:4    | Offered knowledge of Poisonous Cloud by Vehumet.
 24921 | Orc:4    | Found Sabostrira's Antique Weapon Emporium.
 26137 | Orc:4    | Found Katwargh's Armour Shoppe.
 26360 | Orc:4    | Noticed an orc warlord
 27768 | D:10     | Found a staircase to the Lair.
 27791 | D:10     | Killed a hill giant
 27925 | Lair:1   | Entered Level 1 of the Lair of Beasts
 28236 | Lair:1   | Reached XP level 13. HP: 79/79 MP: 19/29
 28281 | Lair:1   | Offered knowledge of Spellforged Servitor by Vehumet.
 30141 | Lair:3   | Noticed Sonja
 30147 | Lair:3   | Killed Sonja
 30196 | Lair:3   | Found a hole to the Spider Nest.
 30831 | Lair:3   | Reached skill level 10 in Fighting
 32350 | Lair:4   | Offered knowledge of Iron Shot by Vehumet.
 32413 | Lair:4   | Learned a level 6 spell: Iron Shot
 33796 | Lair:5   | Found a staircase to the Shoals.
 33839 | Lair:5   | Got a crude plate armour
 35876 | Lair:6   | Identified the Guide on Gliding Attacks
 36238 | Lair:6   | Learned a level 3 spell: Mephitic Cloud
 36240 | Lair:6   | Got a pair of transparent gloves
 36251 | Lair:6   | Identified the +0 pair of gloves of Folebrol {rElec rCorr MP+9 Int-5} (You found it on level 6 of the Lair of Beasts)
 36268 | Lair:6   | Reached XP level 14. HP: 90/90 MP: 25/30
 36381 | Lair:6   | Reached skill level 10 in Conjurations
 38468 | Lair:7   | Offered knowledge of Delayed Fireball by Vehumet.
 41707 | Lair:8   | Entered Level 8 of the Lair of Beasts
 42657 | Lair:1   | Identified the cursed +0 plate armour of Valiance {rPois rF+} (You found it on level 5 of the Lair of Beasts)
 43744 | Lair:8   | Found a staircase to the Slime Pits.
 44871 | Lair:8   | Reached XP level 15. HP: 94/94 MP: 18/33
 45457 | Lair:8   | Learned a level 7 spell: Delayed Fireball
 45666 | Lair:7   | Offered knowledge of Lehudib's Crystal Spear by Vehumet.
 45666 | Lair:7   | Offered knowledge of Fire Storm by Vehumet.
 45666 | Lair:7   | Offered knowledge of Shatter by Vehumet.
 47274 | Lair:8   | Got a pair of polished gloves
 47534 | Shoals:1 | Entered Level 1 of the Shoals
 47805 | Shoals:1 | Reached skill level 15 in Conjurations
 48508 | Shoals:1 | Reached skill level 10 in Fire Magic
 49207 | Shoals:1 | Found Beerurri's Antique Armour Boutique.
 50008 | Shoals:2 | Noticed Kirke
 50124 | Shoals:2 | Killed Kirke
 50259 | Shoals:2 | Identified the -7 pair of gloves "Etheorro" {rElec rN+ rCorr} (You found it on level 8 of the Lair of Beasts)
 50895 | Shoals:3 | Hit by a tomahawk thrown by a merfolk

Action                   |  1- 3 |  4- 6 |  7- 9 | 10-12 | 13-15 || total
-------------------------+-------+-------+-------+-------+-------++-------
Melee: Unarmed           |     1 |     2 |       |       |       ||     3
       Whip              |       |    33 |       |       |       ||    33
       Dagger            |       |     1 |    80 |   136 |   252 ||   469
Throw: Stone             |     4 |    11 |    37 |    60 |    16 ||   128
 Cast: Sandblast         |    64 |    77 |    69 |   210 |   204 ||   624
       Stone Arrow       |     2 |    48 |   141 |   454 |   552 ||  1197
       Petrify           |       |       |     9 |    29 |     6 ||    44
       Lee's Rapid Decon |       |       |     8 |    77 |    50 ||   135
       Iskenderun's Batt |       |       |       |    59 |   130 ||   189
       Fireball          |       |       |       |    61 |   118 ||   179
       Iron Shot         |       |       |       |       |    36 ||    36
       Mephitic Cloud    |       |       |       |       |    37 ||    37
       Delayed Fireball  |       |       |       |       |     8 ||     8
 Abil: Release Delayed F |       |       |       |       |     8 ||     8
  Use: Scroll            |       |     9 |    12 |    10 |    14 ||    45
       Potion            |       |       |       |     4 |     7 ||    11
 Stab: Sleeping          |       |     1 |       |     1 |       ||     2
       Petrified         |       |       |     2 |     2 |       ||     4
       Petrifying        |       |       |     2 |       |       ||     2
       Confused          |       |       |       |       |     1 ||     1
  Eat: Chunk             |     2 |    14 |    22 |    96 |   129 ||   263
       Beef jerky        |       |     1 |       |       |       ||     1
       Fruit             |       |       |     2 |       |       ||     2
